AoeStats
← Hydro

Arabia

509979874Analyzed
1v1 RM · 2d ago on Sep 28, 2026· 71m 8s· 2 players
Game mode
Random Map
Map size
Tiny (2 player)
Population
200
Speed
Normal
Resources
Standard
Victory
Conquest
Starting age
Dark Age
Ending age
Imperial Age
RankedLock teamsTeams togetherTeam positionsShared explorationLock speedFull tech treeHidden civsTurbo modeCheats
Victory
Defeat
🇫🇷 Wei · France
876
+15
🇵🇪 Britons · Peru
860
-15
Hydro
2:32 Loom
11:41 Feudal Age
16:31 Castle Age
14:43 Double-Bit Axe
15:14 Gold Mining
15:36 Stone Mining
16:30 Horse Collar
22:46 Wheelbarrow
25:56 Hand Cart
25:44 Town Watch
32:27 Imperial Age
31:40 Forging
31:31 Scale Mail Armor
31:59 Bow Saw
32:26 Gambesons
33:09 Squires
32:57 Arson
32:59 Pikeman
34:22 Chain Mail Armor
35:06 Conscription
36:44 Heavy Plow
38:37 Town Patrol
38:45 Warwolf
39:48 Padded Archer Armor
39:39 Fletching
39:33 Elite Longbowman
41:16 Leather Archer Armor
41:01 Bodkin Arrow
42:08 Hoardings
43:56 Bracer
44:27 Ring Archer Armor
43:54 Light Cavalry
44:34 Husbandry
44:32 Halberdier
46:17 Yeomen
47:50 Iron Casting
47:22 Scale Barding Armor
50:37 Blast Furnace
51:09 Two-Man Saw
67:46 Man-at-Arms
69:06 Plate Mail Armor
68:33 Long Swordsman
69:11 Two-Handed Swordsman
jaxom
9:58 Feudal Age
8:14 Loom
10:27 Double-Bit Axe
10:29 Horse Collar
15:33 Forging
16:28 Scale Barding Armor
21:56 Castle Age
19:55 Gold Mining
19:55 Stone Mining
21:07 Fletching
21:17 Padded Archer Armor
23:03 Bow Saw
22:56 Heavy Plow
26:13 Wheelbarrow
25:24 Town Watch
27:48 Light Cavalry
30:06 Thumb Ring
30:14 Bloodlines
30:04 Husbandry
34:25 Imperial Age
32:39 Bodkin Arrow
32:59 Leather Archer Armor
34:15 Hand Cart
33:30 Elite Skirmisher
33:49 Pikeman
34:29 Squires
35:09 Iron Casting
36:31 Parthian Tactics
37:31 Bracer
38:01 Ring Archer Armor
41:05 Blast Furnace
40:25 Chain Barding Armor
42:17 Ballistics
42:58 Chemistry
41:54 Murder Holes
41:40 Treadmill Crane
42:10 Masonry
42:07 Hussar
44:43 Ming Guang Armor
44:39 Conscription
45:12 Tuntian
45:26 Town Patrol
59:31 Elite Tiger Cavalry
Connection lost

Rejoining the realm…

Still unreachable

The connection could not be restored.

Session expired

The server has moved on; the page needs a fresh start.